TOP OF THE 1ST |
Coastal Carolina University Chanticleers batting - Pitching for University of Minnesota Golden Gophers : RHP Getachew El Sayed
|
Pitching: RHP Getachew El Sayed
|
|
Batting: RHB Steve Hutchins
|
0-0: Called Strike 0-1: Called Strike 0-2: Strikes out looking
|
Batting: RHB Francisco Cabrera
|
0-0: Called Strike 0-1: Ball 1-1: Ball 2-1: Foul Ball, location: 2F 2-2: Foul Ball, location: 2F 2-2: Strikes out swinging
|
Batting: SHB Suzunosuke Yamaguchi
|
0-0: Called Strike 0-1: Called Strike 0-2: Strikes out swinging
|
Top of the 1st over - 0 runs, 0 hits, 0 errors, 0 left on base; Coastal Carolina University 0 - University of Minnesota 0 |
BOTTOM OF THE 1ST |
University of Minnesota Golden Gophers batting - Pitching for Coastal Carolina University Chanticleers : LHP Oscar Moreno
|
Pitching: LHP Oscar Moreno
|
|
Batting: RHB Eric Tesler
|
0-0: DOUBLE (Line Drive, 5D, EV 96.3 MPH)
|
Batting: LHB Dean Bloemendal
|
0-0: Ball 1-0: Ball 2-0: Ball 3-0: Called Strike 3-1: Base on Balls
|
Batting: RHB Omar Amaya
|
0-0: Ball 1-0: Swinging Strike 1-1: Ball 2-1: Called Strike 2-2: Ball 3-2: Base on Balls Eric Tesler to third Dean Bloemendal to second
|
Batting: RHB Rafael Porter
|
0-0: Ball 1-0: Reached on error, E6 (Groundball, 6, EV 77.5 MPH) Eric Tesler scores Dean Bloemendal to third Omar Amaya to second
|
Batting: RHB Willie Camacho
|
0-0: Swinging Strike 0-1: Ball 1-1: Hit by Pitch Dean Bloemendal scores Omar Amaya to third Rafael Porter to second
|
Batting: RHB Rodolfo Cosme
|
0-0: Ball 1-0: SINGLE (Groundball, 6MD, EV 105.0 MPH) Omar Amaya scores Rafael Porter to third Willie Camacho to second Runner from 3rd tries for Home, SAFE, throw by CF to home
|
Batting: RHB David Gomez
|
0-0: Ball 1-0: Ground out 4-3 (Groundball, 34D, EV 100.6 MPH) Willie Camacho to third Rodolfo Cosme to second
|
Batting: SHB J.T. Ready
|
0-0: Ground out 6-3 (Groundball, 6, EV 76.3 MPH) Willie Camacho scores
|
Batting: RHB Benjie Alejandro
|
0-0: Called Strike 0-1: Called Strike 0-2: Strikes out swinging
|
Bottom of the 1st over - 5 runs, 2 hits, 1 error, 1 left on base; Coastal Carolina University 0 - University of Minnesota 5 |
TOP OF THE 2ND |
Coastal Carolina University Chanticleers batting - Pitching for University of Minnesota Golden Gophers : RHP Getachew El Sayed
|
Batting: SHB Guy Jerome
|
0-0: Swinging Strike 0-1: Fly out, F3 (Line Drive, 3, EV 72.5 MPH)
|
Batting: RHB Tony Cabrera
|
0-0: Called Strike 0-1: Ball 1-1: Foul Ball, location: 2F 1-2: Foul Ball, location: 2F 1-2: Fly out, F7 (Flyball, 78M, EV 90.6 MPH)
|
Batting: SHB Gustavo Froio
|
0-0: Ball 1-0: Foul Ball, location: 2F 1-1: Ball 2-1: Ground out 6-3 (Groundball, 6, EV 100.0 MPH)
|
Top of the 2nd over - 0 runs, 0 hits, 0 errors, 0 left on base; Coastal Carolina University 0 - University of Minnesota 5 |
BOTTOM OF THE 2ND |
University of Minnesota Golden Gophers batting - Pitching for Coastal Carolina University Chanticleers : LHP Oscar Moreno
|
Batting: RHB Eric Tesler
|
0-0: Ball 1-0: Swinging Strike 1-1: Ball 2-1: Swinging Strike 2-2: Ball 3-2: Foul Ball, location: 2F 3-2: Base on Balls
|
Batting: LHB Dean Bloemendal
|
0-0: Called Strike 0-1: Foul Ball, location: 2F 0-2: Ball 1-2: Strikes out swinging
|
Batting: RHB Omar Amaya
|
0-0: Fly out, F8 (Line Drive, 8LM, EV 90.6 MPH)
|
Batting: RHB Rafael Porter
|
0-0: Hit by Pitch Eric Tesler to second
|
Pitching: LHP Jon Lizarraga
|
|
Batting: RHB Willie Camacho
|
0-0: Ball 1-0: Swinging Strike 1-1: Swinging Strike 1-2: Ball 2-2: Ball 3-2: Strikes out swinging
|
Bottom of the 2nd over - 0 runs, 0 hits, 0 errors, 2 left on base; Coastal Carolina University 0 - University of Minnesota 5 |
TOP OF THE 3RD |
Coastal Carolina University Chanticleers batting - Pitching for University of Minnesota Golden Gophers : RHP Getachew El Sayed
|
Batting: RHB Dave de Wolff
|
0-0: Called Strike 0-1: Ball 1-1: SINGLE (Groundball, 6MD, EV 106.9 MPH)
|
Batting: RHB Eric Zylstra
|
0-0: Ball 1-0: Foul Ball, location: 2F 1-1: Swinging Strike 1-2: Foul Ball, location: 2F 1-2: Foul Ball, location: 2F 1-2: Ball 2-2: Ball 3-2: Foul Ball, location: 2F 3-2: Foul Ball, location: 2F 3-2: Foul Ball, location: 2F 3-2: SINGLE (Groundball, 6MS, EV 75.6 MPH) (infield hit) Dave de Wolff to second
|
Batting: SHB Brian Zazulak
|
0-0: Foul Ball, location: 2F 0-1: DOUBLE (Line Drive, 7LS, EV 97.5 MPH) Dave de Wolff scores Eric Zylstra to third Runner from 3rd tries for Home, throw by LF and OUT! 7-6-2 Brian Zazulak to third
|
Batting: RHB Steve Hutchins
|
0-0: Called Strike 0-1: Ball 1-1: Called Strike 1-2: Foul Ball, location: 2F 1-2: Ball 2-2: Foul Ball, location: 2F 2-2: Foul Ball, location: 2F 2-2: Foul Ball, location: 2F 2-2: Ground out 4-3 (Groundball, 4, EV 90.6 MPH) Brian Zazulak scores
|
Batting: RHB Francisco Cabrera
|
0-0: Reached on error, E5 (Groundball, 5, EV 86.3 MPH)
|
Batting: SHB Suzunosuke Yamaguchi
|
0-0: Ball 1-0: Foul Ball, location: 2F 1-1: Ball Wild Pitch! Francisco Cabrera to second 2-1: Swinging Strike 2-2: Ball 3-2: Strikes out swinging
|
Top of the 3rd over - 2 runs, 3 hits, 1 error, 1 left on base; Coastal Carolina University 2 - University of Minnesota 5 |
BOTTOM OF THE 3RD |
University of Minnesota Golden Gophers batting - Pitching for Coastal Carolina University Chanticleers : LHP Jon Lizarraga
|
Batting: RHB Rodolfo Cosme
|
0-0: Called Strike 0-1: Ball 1-1: Ball 2-1: Called Strike 2-2: Foul Ball, location: 2F 2-2: Ground out 4-3 (Groundball, 4D, EV 103.8 MPH)
|
Batting: RHB David Gomez
|
0-0: Fly out, F4 (Flyball, 4D, EV 81.9 MPH)
|
Batting: SHB J.T. Ready
|
0-0: Ball 1-0: Ball 2-0: SINGLE (Groundball, 56, EV 103.1 MPH)
|
Batting: RHB Benjie Alejandro
|
0-0: Called Strike 0-1: Ball 1-1: Ball 2-1: Foul Ball, location: 2F 2-2: Ball 3-2: Foul Ball, location: 2F 3-2: Foul Ball, location: 2F 3-2: Base on Balls J.T. Ready to second
|
Batting: RHB Eric Tesler
|
0-0: Foul Ball, location: 2F 0-1: Called Strike 0-2: Ball 1-2: Ground out U3 (Groundball, 3S, EV 86.9 MPH)
|
Bottom of the 3rd over - 0 runs, 1 hit, 0 errors, 2 left on base; Coastal Carolina University 2 - University of Minnesota 5 |
TOP OF THE 4TH |
Coastal Carolina University Chanticleers batting - Pitching for University of Minnesota Golden Gophers : RHP Getachew El Sayed
|
Batting: SHB Guy Jerome
|
0-0: Ball 1-0: Ground out 1-3 (Groundball, 13S, EV 71.9 MPH)
|
Batting: RHB Tony Cabrera
|
0-0: Foul Ball, location: 2F 0-1: Ball 1-1: Fly out, F8 (Flyball, 8LM, EV 92.5 MPH)
|
Batting: SHB Gustavo Froio
|
0-0: SINGLE (Popup, 4, EV 60.0 MPH)
|
Batting: RHB Dave de Wolff
|
0-0: Called Strike 0-1: Foul Ball, location: 2F 0-2: Ball 1-2: 2-RUN HOME RUN (Flyball, 7D, EV 96.9 MPH), Distance : 371 ft
|
Batting: RHB Eric Zylstra
|
0-0: Called Strike 0-1: SINGLE (Groundball, 3D, EV 105.0 MPH)
|
Batting: SHB Brian Zazulak
|
0-0: DOUBLE (Line Drive, 89D, EV 102.5 MPH) Eric Zylstra to third Runner from 3rd tries for Home, SAFE, no throw by RF
|
Pitching: RHP Murilo Selo
|
|
Batting: RHB Steve Hutchins
|
0-0: SINGLE (Groundball, 4, EV 96.9 MPH) Brian Zazulak to third
|
Batting: RHB Francisco Cabrera
|
0-0: Ball 1-0: Ball 2-0: Ball 3-0: Base on Balls Steve Hutchins to second
|
Batting: SHB Suzunosuke Yamaguchi
|
0-0: Called Strike 0-1: Ball Passed Ball! Brian Zazulak scores Steve Hutchins to third Francisco Cabrera to second 1-1: Ball 2-1: SINGLE (Groundball, 4D, EV 108.8 MPH) Steve Hutchins scores Francisco Cabrera to third Runner from 3rd tries for Home, SAFE, throw by CF to home
|
Batting: SHB Guy Jerome
|
0-0: Ball 1-0: Ball 2-0: Ball 3-0: Base on Balls Suzunosuke Yamaguchi to second
|
Batting: RHB Tony Cabrera
|
0-0: Fly out, F8 (Line Drive, 8LD, EV 95.6 MPH)
|
Top of the 4th over - 6 runs, 6 hits, 0 errors, 2 left on base; Coastal Carolina University 8 - University of Minnesota 5 |
BOTTOM OF THE 4TH |
University of Minnesota Golden Gophers batting - Pitching for Coastal Carolina University Chanticleers : LHP Jon Lizarraga
|
Batting: LHB Dean Bloemendal
|
0-0: Ground out 4-3 (Groundball, 4, EV 76.3 MPH)
|
Batting: RHB Omar Amaya
|
0-0: Foul Ball, location: 2F 0-1: Ball 1-1: Foul Ball, location: 2F 1-2: SOLO HOME RUN (Flyball, 7D, EV 100.0 MPH), Distance : 380 ft
|
Batting: RHB Rafael Porter
|
0-0: Ball 1-0: Ball 2-0: Ball 3-0: Called Strike 3-1: Base on Balls
|
Pitching: RHP Seth Wright
|
|
Batting: RHB Willie Camacho
|
0-0: Fielders Choice at 2nd, 4-6 (Groundball, 4, EV 81.3 MPH)
|
Batting: RHB Rodolfo Cosme
|
0-0: Ball 1-0: Hit by Pitch Willie Camacho to second
|
Batting: RHB David Gomez
|
0-0: Called Strike 0-1: Ball 1-1: Swinging Strike 1-2: Foul Ball, location: 2F 1-2: Ball 2-2: Fly out, F8 (Flyball, 8LD, EV 81.3 MPH)
|
Bottom of the 4th over - 1 run, 1 hit, 0 errors, 2 left on base; Coastal Carolina University 8 - University of Minnesota 6 |
TOP OF THE 5TH |
Coastal Carolina University Chanticleers batting - Pitching for University of Minnesota Golden Gophers : RHP Murilo Selo
|
Batting: SHB Gustavo Froio
|
0-0: Ground out U3 (Groundball, 3, EV 85.6 MPH)
|
Batting: RHB Dave de Wolff
|
0-0: Ball 1-0: Foul Ball, location: 2F 1-1: Foul Ball, location: 2F 1-2: Strikes out swinging
|
Batting: RHB Eric Zylstra
|
0-0: Ball 1-0: Foul Ball, location: 2F 1-1: Ball 2-1: Called Strike 2-2: SINGLE (Groundball, P, EV 87.5 MPH) (infield hit)
|
Batting: SHB Brian Zazulak
|
0-0: SINGLE (Line Drive, 7S, EV 99.4 MPH) Eric Zylstra to second
|
Batting: RHB Steve Hutchins
|
0-0: Called Strike 0-1: Foul Ball, location: 2F 0-2: Strikes out swinging
|
Top of the 5th over - 0 runs, 2 hits, 0 errors, 2 left on base; Coastal Carolina University 8 - University of Minnesota 6 |
BOTTOM OF THE 5TH |
University of Minnesota Golden Gophers batting - Pitching for Coastal Carolina University Chanticleers : RHP Seth Wright
|
Batting: SHB J.T. Ready
|
0-0: Ball 1-0: Ball 2-0: Fly out, F8 (Flyball, 78M, EV 93.1 MPH)
|
Batting: RHB Benjie Alejandro
|
0-0: Called Strike 0-1: Foul Ball, location: 2F 0-2: Ball 1-2: Ball 2-2: Ball 3-2: Base on Balls
|
Batting: RHB Eric Tesler
|
0-0: Foul Ball, location: 2F 0-1: Ball 1-1: SINGLE (Line Drive, 7S, EV 98.1 MPH) Benjie Alejandro to second
|
Batting: LHB Dean Bloemendal
|
0-0: Called Strike 0-1: Foul Ball, location: 2F 0-2: Strikes out looking
|
Batting: RHB Omar Amaya
|
0-0: Called Strike 0-1: Swinging Strike 0-2: Strikes out swinging
|
Bottom of the 5th over - 0 runs, 1 hit, 0 errors, 2 left on base; Coastal Carolina University 8 - University of Minnesota 6 |
TOP OF THE 6TH |
Coastal Carolina University Chanticleers batting - Pitching for University of Minnesota Golden Gophers : RHP Murilo Selo
|
Batting: RHB Francisco Cabrera
|
0-0: Foul Ball, location: 2F 0-1: Called Strike 0-2: Foul Ball, location: 2F 0-2: Ball 1-2: Ball 2-2: Ball 3-2: Foul Ball, location: 2F 3-2: Fly out, F8 (Flyball, 78D, EV 101.9 MPH)
|
Batting: SHB Suzunosuke Yamaguchi
|
0-0: Swinging Strike 0-1: Ball 1-1: SINGLE (Groundball, 34D, EV 93.8 MPH)
|
Batting: SHB Guy Jerome
|
0-0: Ball 1-0: Ball 2-0: Foul Ball, location: 2F 2-1: Fly out, F8 (Flyball, 8RM, EV 87.5 MPH)
|
Batting: RHB Tony Cabrera
|
0-0: Ball 1-0: Foul Ball, location: 2F 1-1: Called Strike 1-2: SINGLE (Line Drive, 6MD, EV 95.0 MPH) Suzunosuke Yamaguchi to second
|
Batting: SHB Gustavo Froio
|
0-0: Foul Ball, location: 2F 0-1: Ball 1-1: Ball 2-1: Called Strike 2-2: Foul Ball, location: 2F 2-2: Ball 3-2: Foul Ball, location: 2F 3-2: Strikes out swinging
|
Top of the 6th over - 0 runs, 2 hits, 0 errors, 2 left on base; Coastal Carolina University 8 - University of Minnesota 6 |
BOTTOM OF THE 6TH |
University of Minnesota Golden Gophers batting - Pitching for Coastal Carolina University Chanticleers : RHP Seth Wright
|
Batting: RHB Rafael Porter
|
0-0: Called Strike 0-1: Swinging Strike 0-2: Strikes out looking
|
Pitching: RHP Keith Booth
|
|
Batting: RHB Willie Camacho
|
0-0: Foul Ball, location: 2F 0-1: Ball 1-1: SINGLE (Groundball, 34, EV 103.8 MPH)
|
Batting: RHB Rodolfo Cosme
|
0-0: Called Strike 0-1: Ball 1-1: Ball 2-1: Ball 3-1: Foul Ball, location: 2F 3-2: Fly out, F7 (Flyball, 7S, EV 82.5 MPH)
|
Pinch Hitting: RHB Fernando Sosa
|
0-0: Fly out, F3 (Popup, 3SF, EV 66.3 MPH)
|
Bottom of the 6th over - 0 runs, 1 hit, 0 errors, 1 left on base; Coastal Carolina University 8 - University of Minnesota 6 |
TOP OF THE 7TH |
Coastal Carolina University Chanticleers batting - Pitching for University of Minnesota Golden Gophers : RHP Murilo Selo
|
Pitching: LHP Xi-tong Ku
|
|
Now at 1B: Ramiro Vega
|
|
Batting: RHB Dave de Wolff
|
0-0: Called Strike 0-1: Swinging Strike 0-2: Strikes out swinging
|
Batting: RHB Eric Zylstra
|
0-0: Swinging Strike 0-1: Called Strike 0-2: Ball 1-2: Strikes out swinging
|
Batting: SHB Brian Zazulak
|
0-0: Ground out 5-3 (Groundball, 5, EV 98.1 MPH)
|
Top of the 7th over - 0 runs, 0 hits, 0 errors, 0 left on base; Coastal Carolina University 8 - University of Minnesota 6 |
BOTTOM OF THE 7TH |
University of Minnesota Golden Gophers batting - Pitching for Coastal Carolina University Chanticleers : RHP Keith Booth
|
Batting: SHB J.T. Ready
|
0-0: Ball 1-0: Called Strike 1-1: Called Strike 1-2: Ball 2-2: Ball 3-2: SOLO HOME RUN (Line Drive, 89XD, EV 115.6 MPH), Distance : 419 ft
|
Batting: RHB Benjie Alejandro
|
0-0: Ball 1-0: Swinging Strike 1-1: Foul Ball, location: 2F 1-2: Ball 2-2: Strikes out swinging
|
Batting: RHB Eric Tesler
|
0-0: Ground out 5-3 (Groundball, 5, EV 85.0 MPH)
|
Batting: LHB Dean Bloemendal
|
0-0: Ball 1-0: Ball 2-0: Foul Ball, location: 2F 2-1: Ground out 5-3 (Groundball, 56, EV 77.5 MPH)
|
Bottom of the 7th over - 1 run, 1 hit, 0 errors, 0 left on base; Coastal Carolina University 8 - University of Minnesota 7 |
TOP OF THE 8TH |
Coastal Carolina University Chanticleers batting - Pitching for University of Minnesota Golden Gophers : LHP Xi-tong Ku
|
Batting: RHB Steve Hutchins
|
0-0: SINGLE (Groundball, 34D, EV 100.0 MPH)
|
Batting: RHB Francisco Cabrera
|
0-0: Ball Wild Pitch! Steve Hutchins to second 1-0: Swinging Strike 1-1: Foul Ball, location: 2F 1-2: Strikes out looking
|
Batting: SHB Suzunosuke Yamaguchi
|
0-0: Intentional Walk
|
Batting: SHB Guy Jerome
|
0-0: Called Strike 0-1: Ball 1-1: Ball 2-1: Foul Ball, location: 2F 2-2: Ball 3-2: Foul Ball, location: 2F 3-2: Foul Ball, location: 2F 3-2: Base on Balls Steve Hutchins to third Suzunosuke Yamaguchi to second
|
Batting: RHB Tony Cabrera
|
0-0: SINGLE (Line Drive, 56D, EV 95.6 MPH) Steve Hutchins scores Suzunosuke Yamaguchi to third Guy Jerome to second
|
Batting: SHB Gustavo Froio
|
0-0: Grounds into fielders choice 4-2 (Groundball, 4, EV 78.1 MPH) Guy Jerome to third Tony Cabrera to second
|
Batting: RHB Dave de Wolff
|
0-0: Swinging Strike 0-1: Swinging Strike 0-2: Ball 1-2: Strikes out swinging
|
Top of the 8th over - 1 run, 2 hits, 0 errors, 3 left on base; Coastal Carolina University 9 - University of Minnesota 7 |
BOTTOM OF THE 8TH |
University of Minnesota Golden Gophers batting - Pitching for Coastal Carolina University Chanticleers : RHP Keith Booth
|
Batting: RHB Omar Amaya
|
0-0: Called Strike 0-1: Ball 1-1: Ball 2-1: Fly out, F9 (Flyball, 9S, EV 88.8 MPH)
|
Batting: RHB Rafael Porter
|
0-0: Ball 1-0: Ball 2-0: Ball 3-0: Called Strike 3-1: Fly out, F9 (Flyball, 9LS, EV 74.4 MPH)
|
Pinch Hitting: RHB Luis Monita
|
0-0: Swinging Strike 0-1: Ball 1-1: Ball 2-1: Foul Ball, location: 2F 2-2: Ball 3-2: SINGLE (Line Drive, 6M, EV 103.1 MPH)
|
Batting: RHB Rodolfo Cosme
|
0-0: Ball 1-0: Called Strike 1-1: SINGLE (Groundball, 4MD, EV 97.5 MPH) Luis Monita to second
|
Pitching: RHP Justin Holdeman
|
|
Batting: RHB Ramiro Vega
|
0-0: Ball 1-0: Called Strike 1-1: Ball 2-1: Foul Ball, location: 2F 2-2: Strikes out swinging
|
Bottom of the 8th over - 0 runs, 2 hits, 0 errors, 2 left on base; Coastal Carolina University 9 - University of Minnesota 7 |
TOP OF THE 9TH |
Coastal Carolina University Chanticleers batting - Pitching for University of Minnesota Golden Gophers : LHP Xi-tong Ku
|
Now in LF: Dean Bloemendal
|
|
Now in RF: Archer McDowell
|
|
Batting: RHB Eric Zylstra
|
0-0: Ground out U3 (Groundball, 23, EV 84.4 MPH)
|
Pitching: RHP Onne Stubbe
|
|
Batting: SHB Brian Zazulak
|
0-0: Called Strike 0-1: Ground out 4-3 (Groundball, 4, EV 90.0 MPH)
|
Batting: RHB Steve Hutchins
|
0-0: Ball 1-0: Ball 2-0: Fly out, F7 (Flyball, 78M, EV 90.6 MPH)
|
Top of the 9th over - 0 runs, 0 hits, 0 errors, 0 left on base; Coastal Carolina University 9 - University of Minnesota 7 |
BOTTOM OF THE 9TH |
University of Minnesota Golden Gophers batting - Pitching for Coastal Carolina University Chanticleers : RHP Justin Holdeman
|
Pitching: LHP Ronnie Pickering
|
|
Pinch Hitting: SHB Mike Garvey
|
0-0: Called Strike 0-1: Called Strike 0-2: Ball 1-2: Strikes out looking
|
Pinch Hitting: SHB Willie Balderas
|
0-0: Called Strike 0-1: Swinging Strike 0-2: Fly out, F9 (Line Drive, 9D, EV 101.3 MPH)
|
Pinch Hitting: RHB Ding-bong He
|
0-0: Foul Ball, location: 2F 0-1: Ball 1-1: Swinging Strike 1-2: Strikes out looking
|
Bottom of the 9th over - 0 runs, 0 hits, 0 errors, 0 left on base; Coastal Carolina University 9 - University of Minnesota 7 |
|